 Dungeon Crawl Stone Soup version 0.26-a0-672-g1df16c3386 (webtiles) character file.

Game seed: 10787990236997594909

4956 robertstho the Thaumaturge (level 10, -1/53 HPs)
             Began as a Deep Elf Ice Elementalist on Oct 19, 2020.
             Was an Elder of Sif Muna.
             Shot with an arrow by a centaur warrior (14 damage)
             ... on level 9 of the Dungeon.
             The game lasted 00:19:14 (12707 turns).

robertstho the Thaumaturge (DEIE)                  Turns: 12707, Time: 00:19:15

Health: -1/53      AC:  3    Str:  5    XL:     10   Next: 28%
Magic:  19/27      EV: 14    Int: 24    God:    Sif Muna [****..]
Gold:   371        SH:  0    Dex: 15    Spells: 16/31 levels left

rFire    . . .     SeeInvis +   c - +1 scythe (venom)
rCold    + . .     Faith    .   (shield currently unavailable)
rNeg     . . .     Spirit   .   a - +0 robe
rPois    .         Reflect  .   w - +0 helmet
rElec    .         Harm     .   (no cloak)
rCorr    .         Rampage  .   (no gloves)
MR       +....                  (no boots)
Stlth    +++.......             n - amulet of magic regeneration
HPRegen  0.17/turn              b - ring of see invisible
MPRegen  0.45/turn              k - ring of protection from cold

@: lightly drained
A: no striking features
a: Channel Magic, Forget Spell, Divine Exegesis, Renounce Religion


You were on level 9 of the Dungeon.
You worshipped Sif Muna.
Sif Muna was greatly pleased with you.
You visited 2 branches of the dungeon, and saw 10 of its levels.

You collected 657 gold pieces.
You spent 286 gold pieces at shops.

Inventory:

Hand Weapons
 c - a +1 scythe of venom (weapon)
 l - a +3 dagger
 E - a +1 long sword of electrocution
Missiles
 e - 22 poisoned darts (quivered)
Armour
 a - a +0 robe (worn)
 w - a +0 helmet (worn)
 J - a +1 helmet
Magical Staves
 B - an uncursed staff of death
Jewellery
 b - a ring of see invisible (left hand)
 k - a ring of protection from cold (right hand)
 n - an amulet of magic regeneration (around neck)
 v - an uncursed ring of positive energy
 F - an uncursed ring of protection from magic {unknown}
Wands
 u - a wand of polymorph (4)
 x - a wand of enslavement (8)
 C - a wand of iceblast (6)
 H - a wand of flame (18)
 I - a wand of paralysis (10)
Scrolls
 d - 3 scrolls of fog
 i - 2 scrolls of fear
 m - 7 scrolls of magic mapping {unknown}
 o - 7 scrolls of teleportation {unknown}
 p - 9 scrolls of remove curse
 q - 2 scrolls of enchant weapon
 s - 2 scrolls of enchant armour
 t - a scroll of immolation {unknown}
 y - 4 scrolls of identify
 G - a scroll of acquirement {unknown}
Potions
 f - 3 potions of might {unknown}
 g - a potion of magic
 h - 5 potions of flight
 j - 5 potions of lignification
 r - 7 potions of curing
 z - a potion of stabbing
 A - 2 potions of brilliance
 D - a potion of mutation {unknown}


   Skills:
 + Level 1.8(1.6) Fighting
 + Level 3.2(3.1) Polearms
 + Level 4.7(4.5) Dodging
 + Level 4.6(4.4) Stealth
 * Level 11.0(10.7) Spellcasting
 + Level 2.3(2.1) Summonings
 * Level 10.6(10.3) Ice Magic
 * Level 5.8(5.6) Invocations


You had 16 spell levels left.
You knew the following spells:

 Your Spells              Type           Power        Failure   Level
a - Freeze                Ice            ####         1%          1
b - Frozen Ramparts       Ice            ######       1%          3
c - Ozocubu's Armour      Ice            ######..     1%          3
d - Hailstorm             Conj/Ice       #####...     6%          4
e - Summon Ice Beast      Ice/Summ       #####...     3%          4

Your spell library contained the following spells:

 Spells                   Type           Power        Failure   Level


Dungeon Overview and Level Annotations

Branches:
Dungeon (9/15)             Temple (1/1) D:6             Orc (0/2) D:9
   Lair: D:8-11

Altars:
Ashenzari
Cheibriados
Dithmenos
Elyvilon
Fedhas
Gozag
Hepliaklqana
Kikubaaqudgha
Makhleb
Nemelex Xobeh
Okawaru
Qazlal
Ru
Sif Muna
Trog
Uskayaw
Vehumet
Wu Jian
Xom
Yredelemnul
Zin
The Shining One

Shops:
D:6 !

Annotations:
D:6 potion shop


Message History

The wall freezes the centaur warrior.
The centaur warrior shoots an arrow.
The arrow hits your ice beast!
Unknown command.
You see here a shiny helmet.
The wall freezes the centaur warrior.
The centaur warrior shoots an arrow.
Keep disrobing?
The arrow barely misses you.
You start removing your armour.
You continue taking off your +0 helmet.
The frozen ramparts melt away.
The centaur warrior shoots an arrow.
The arrow barely misses your ice beast. The arrow hits you!
You continue taking off your +0 helmet.
The centaur warrior shoots an arrow.
The arrow hits your ice beast!!
Your ice beast dies!
You continue taking off your +0 helmet.
The centaur warrior shoots an arrow.
The arrow hits you!!
* * * LOW HITPOINT WARNING * * *
The centaur warrior shoots an arrow.
The arrow barely misses you.
You continue taking off your +0 helmet.
The centaur warrior shoots an arrow.
The arrow hits you!
You die...

#.....##..#.##.##.#..#.##.#
#.....'..####...####...##)#
##.......##(...#....##..##.##
.#.<....######...######..#..#
.'.....##.# ##.## #)##.##.##
##......#.# ###.###
#.#......##
##..#.##.###.....###.##.#....#
#..##'#.†.##c(...##...####...#
#.##..).#.((.(#@.(..#....##..#
#..####...##.....##...####...#
#...#.##.###.....###.##.#....#
#......#.# ###.### #.#......##
##.....##.# ##.## #.##....##
.'......######...######...###
##.......##....#...)##....#
#####....####...####....##
##....#.##.##.#..####


You could see a centaur warrior.

Vanquished Creatures
  An unseen horror (D:9)
  An ugly thing (D:9)
  Sigmund (D:2)
  3 yaks (D:9)
  A warg (D:9)
  A water moccasin (D:8)
  An ice beast (D:7)
  A sky beast (D:7)
  A black bear (D:8)
  5 ogres
  A centaur (D:7)
  A bullfrog (D:6)
  2 scorpions
  8 killer bees
  A wight (D:9)
  2 nameless horrors (D:5)
  3 howler monkeys (D:7)
  A jelly (D:8)
  A gnoll shaman (D:4)
  5 hounds
  7 orc wizards
  A bullfrog skeleton (D:6)
  2 orc priests
  Jessica (D:2)
  7 iguanas
  Ijyb (D:3)
  7 worker ants
  Terence (D:3)
  2 hound skeletons
  A worker ant zombie (D:7)
  13 gnolls
  11 adders
  A shadow imp (D:7)
  A white imp (D:7)
  3 ufetubi
  An ooze (D:6)
  5 worms
  An adder skeleton (D:4)
  An adder zombie (D:6)
  A dart slug (D:2)
  3 leopard geckos
  16 orcs
  4 ball pythons
  7 bats
  6 giant cockroaches
  A gnoll zombie (D:9)
  7 goblins
  5 hobgoblins
  12 jackals
  3 kobolds
  2 quokkas
  6 frilled lizards
  A quokka skeleton (D:9)
  7 rats
189 creatures vanquished.

Vanquished Creatures (collateral kills)
  A yak (D:9)
  A steam dragon (D:7)
  A sky beast (D:8)
  2 necrophages
  2 phantoms (D:5)
  A water moccasin zombie (D:9)
  A killer bee (D:8)
  4 wights (D:7)
  A bullfrog skeleton (D:5)
  A killer bee zombie (D:8)
  A gnoll (D:6)
  A gnoll zombie (D:9)
17 creatures vanquished.

Vanquished Creatures (others)
  4 orc wizards (D:8)
  A worker ant (D:7)
  An orc (D:8)
  A giant cockroach (D:8)
7 creatures vanquished.

Grand Total: 213 creatures vanquished

Notes
Turn   | Place    | Note
-------+----------+-------------------------------------------
     0 | D:1      | robertstho the Deep Elf Ice Elementalist began the quest
                  | for the Orb.
     0 | D:1      | Reached XP level 1. HP: 10/10 MP: 6/6
   601 | D:1      | Reached XP level 2. HP: 15/15 MP: 5/8
   707 | D:1      | You fall into a shaft and drop 1 floor!
   719 | D:2      | Reached skill level 5 in Ice Magic
   840 | D:2      | Reached XP level 3. HP: 17/19 MP: 6/10
   845 | D:2      | Learned a level 3 spell: Frozen Ramparts
   849 | D:2      | Learned a level 3 spell: Ozocubu's Armour
  1204 | D:2      | Noticed Sigmund
  1223 | D:2      | Killed Sigmund
  1223 | D:2      | Reached skill level 5 in Spellcasting
  1223 | D:2      | Reached XP level 4. HP: 13/24 MP: 7/13
  1223 | D:2      | Reached XP level 5. HP: 15/28 MP: 7/14
  1458 | D:2      | Noticed Jessica
  1463 | D:2      | Killed Jessica
  1699 | D:2      | Found a hazy altar of Hepliaklqana.
  1699 | D:2      | Found a shimmering blue altar of Sif Muna.
  1700 | D:2      | Found a snail-covered altar of Cheibriados.
  1791 | D:2      | Became a worshipper of Sif Muna the Loreminder
  2447 | D:1      | Reached XP level 6. HP: 32/32 MP: 12/15
  2947 | D:3      | Reached * piety under Sif Muna
  3232 | D:3      | Noticed Terence
  3241 | D:3      | Killed Terence
  3241 | D:3      | Reached skill level 1 in Invocations
  3403 | D:3      | Noticed Ijyb
  3411 | D:3      | Killed Ijyb
  3927 | D:4      | Found a broken altar of Ashenzari.
  4416 | D:4      | Found a glowing golden altar of the Shining One.
  4483 | D:4      | Reached skill level 6 in Spellcasting
  4704 | D:4      | Reached skill level 1 in Polearms
  4704 | D:4      | Reached XP level 7. HP: 36/36 MP: 16/18
  5068 | D:5      | Entered Level 5 of the Dungeon
  5098 | D:4      | Learned a level 4 spell: Hailstorm
  5103 | D:4      | Learned a level 4 spell: Summon Ice Beast
  5195 | D:5      | Reached ** piety under Sif Muna
  5270 | D:5      | Reached skill level 7 in Spellcasting
  5575 | D:5      | Noticed a nameless horror
  5598 | D:5      | Killed a nameless horror
  5898 | D:6      | Reached XP level 8. HP: 37/42 MP: 19/21
  6235 | D:6      | Found Tavaz's Distillery.
  6239 | D:6      | Bought a potion of heal wounds for 65 gold pieces
  6239 | D:6      | Bought a potion of curing for 39 gold pieces
  6239 | D:6      | Bought a potion of curing for 39 gold pieces
  6239 | D:6      | Bought a potion of stabbing for 52 gold pieces
  6239 | D:6      | Bought a potion of lignification for 39 gold pieces
  6239 | D:6      | Bought a potion of brilliance for 52 gold pieces
  6290 | D:6      | Reached skill level 1 in Summonings
  6555 | D:6      | Found a staircase to the Ecumenical Temple.
  6594 | D:6      | Reached skill level 8 in Spellcasting
  6669 | Temple   | Entered the Ecumenical Temple
  7683 | D:7      | Found an opulent altar of Gozag.
  8517 | D:7      | Reached skill level 1 in Fighting
  8517 | D:7      | Reached skill level 9 in Spellcasting
  8520 | D:7      | Reached XP level 9. HP: 30/45 MP: 20/24
 10081 | D:8      | Reached *** piety under Sif Muna
 10689 | D:8      | Found an ornate altar of the Wu Jian Council.
 10919 | D:9      | Found a bloodstained altar of Trog.
 10982 | D:9      | Reached skill level 5 in Invocations
 11239 | D:9      | Reached skill level 10 in Spellcasting
 11274 | D:9      | Reached skill level 10 in Ice Magic
 11607 | D:9      | Found a staircase to the Orcish Mines.
 11646 | D:9      | Reached XP level 10. HP: 46/50 MP: 22/26
 12154 | D:9      | Noticed a green ugly thing
 12166 | D:9      | Noticed an unseen horror
 12225 | D:9      | Noticed a centaur warrior
 12237 | D:9      | Found a burning altar of Makhleb.
 12266 | D:9      | Found a basalt altar of Yredelemnul.
 12456 | D:9      | Killed an unseen horror
 12507 | D:9      | Killed a green ugly thing
 12507 | D:9      | Reached **** piety under Sif Muna
 12507 | D:9      | Reached skill level 11 in Spellcasting
 12707 | D:9      | Shot with an arrow by a centaur warrior

Illustrated notes

Levels and vault maps discovered:
D:1:      lemuel_arrival_hallway, layout_basic, chequers_garden,
          minmay_fountain_box
D:2:      layout_basic, gammafunk_temple_overflow_claw, uniq_jessica,
          uniq_sigmund
D:3:      layout_basic, uniq_terence, uniq_ijyb
D:4:      layout_basic, kennysheep_little_box, ashenzari_conservatory_becter
D:5:      layout_gridville
D:6:      layout_layer_cave, minmay_temple_entry_mist, serial_shops, shop
D:7:      layout_loops_corners, grunt_gozag_breadcrumbs,
          hangedman_decor_opposing
D:8:      layout_rooms, kennysheep_mini, lemuel_flamethrower_2
D:9:      layout_roguey, makhleb_heckhound_becter,
          lemuel_zombie_altar_yredelemnul, lemuel_crystal_altar, erik_orc_3,
          minmay_fractal_squares_gapless_7
Temple:   hc_temple_tempest_star

Skill      XL: |  1  2  3  4  5  6  7  8  9 10 |
---------------+-------------------------------+-----
Ice Magic      | 5 6 7 8 10 | 10.6
Stealth        | 3 4 |  4.6
Spellcasting   | 5 6 7 9 10 11 | 11.0
Invocations    | 1 3 4 5 |  5.8
Dodging        | 3 4 |  4.7
Polearms       | 1 2 3 |  3.2
Summonings     | 1 2 |  2.3
Fighting       | 1 |  1.8

Action                   |  1- 3 |  4- 6 |  7- 9 | 10-12 || total
-------------------------+-------+-------+-------+-------++-------
Melee: Unarmed           |     9 |       |       |       ||     9
       Dagger            |     7 |       |       |       ||     7
       Scythe            |       |    67 |   134 |    16 ||   217
 Cast: Freeze            |    18 |       |       |       ||    18
       Frozen Ramparts   |     3 |    31 |    53 |     7 ||    94
       Summon Ice Beast  |       |       |    35 |    12 ||    47
  Use: Scroll            |       |     5 |     7 |       ||    12
       Potion            |       |       |     1 |     2 ||     3
 Stab: Sleeping          |     5 |     2 |     5 |       ||    12
       Distracted        |       |       |     2 |     1 ||     3
Armor: Robe              |     7 |    19 |    21 |     5 ||    52
Dodge: Dodged            |    19 |    73 |   147 |    29 ||   268

Table legend: (Time is in decaauts)
 A = Elapsed time spent in this place.
 B = Non-inter-level travel time spent in this place.
 C = Inter-level travel time spent in this place.
 D = Time resting spent in this place.
 E = Time spent auto-exploring this place.
 F = Levels seen in this place.
 G = Mean time per level.
                   A        B        C        D        E       F      G
               +--------+--------+--------+--------+--------+-----+--------+
         Total |  12930 |  12582 |    348 |    941 |   9688 |  10 | 1293.0 |
       Dungeon |  12618 |  12302 |    316 |    941 |   9408 |   9 | 1402.0 |
        Temple |    311 |    280 |     31 |      0 |    280 |   1 |  311.0 |
               +--------+--------+--------+--------+--------+-----+--------+

Top non-repeatable levels by time:
     D:7: 2437 daAuts
     D:9: 1987 daAuts
     D:2: 1459 daAuts
     D:4: 1342 daAuts
     D:1: 1248 daAuts
     D:3: 1212 daAuts
     D:6: 1014 daAuts
     D:8: 1014 daAuts
     D:5: 900 daAuts
  Temple: 311 daAuts
